AoeStats
← Archibald

Arena

509679228Analyzed
4v4 RM · 5d ago on Sep 27, 2026· 61m 58s· 8 players
Game mode
Random Map
Map size
Large (8 player)
Population
200
Speed
Normal
Resources
Standard
Victory
Conquest
Starting age
Dark Age
Ending age
Imperial Age
RankedLock teamsTeams togetherTeam positionsShared explorationLock speedFull tech treeHidden civsTurbo modeCheats
Victory
Defeat
🇦🇹 Vikings · Austria
1040
+16
🇨🇳 Mongols · China
1010
+17
🇪🇸 Goths · Spain
1001
+18
🇪🇸 Bengalis · Spain
972
+19
🇷🇺 Persians · Russia
1104
-20
🇮🇱 Romans · Israel
1090
-20
🇺🇦 Spanish · Ukraine
1005
-16
🇷🇺 Britons · Russia
946
-14
Boni_5
8:35 Loom
11:25 Feudal Age
11:59 Horse Collar
12:08 Double-Bit Axe
18:25 Castle Age
16:34 Gold Mining
16:35 Stone Mining
19:10 Scale Barding Armor
20:11 Fletching
21:13 Bloodlines
23:19 Husbandry
25:57 Bow Saw
25:50 Heavy Plow
30:40 Imperial Age
28:40 Light Cavalry
30:16 Wheelbarrow
29:27 Town Watch
29:49 Bodkin Arrow
30:53 Elite Elephant Archer
32:02 Ballistics
32:18 Bracer
33:23 Hand Cart
34:26 Pikeman
35:07 Squires
35:02 Halberdier
36:18 Forging
36:08 Scale Mail Armor
37:34 Chemistry
38:51 Conscription
39:35 Paiks
41:08 Elite Skirmisher
44:39 Padded Archer Armor
45:02 Chain Barding Armor
48:38 Plate Barding Armor
48:21 Leather Archer Armor
49:33 Two-Man Saw
49:27 Iron Casting
61:21 Arson
62:43 Blast Furnace
61:59 Chain Mail Armor
FallAutumn7731
11:42 Feudal Age
15:21 Castle Age
13:28 Double-Bit Axe
13:39 Horse Collar
15:50 Gold Mining
19:29 Loom
20:40 Wheelbarrow
21:49 Bow Saw
22:44 Heavy Plow
24:29 Hand Cart
24:56 Stone Mining
25:33 Town Watch
26:31 Stone Shaft Mining
26:38 Scale Mail Armor
26:50 Forging
29:18 Chain Mail Armor
31:41 Imperial Age
29:55 Ballistics
29:28 Heated Shot
32:05 Iron Casting
31:21 Fletching
32:34 Squires
31:55 Pikeman
33:14 Ballistics
33:54 Chemistry
32:38 Treadmill Crane
33:18 Ballistics
33:13 Masonry
33:18 Murder Holes
33:09 Halberdier
33:50 Bodkin Arrow
34:55 Blast Furnace
35:06 Conscription
35:41 Bracer
36:14 Perfusion
38:41 Devotion
40:21 Two-Man Saw
40:41 Elite Huskarl
Q力山大一世
10:10 Feudal Age
11:30 Double-Bit Axe
14:10 Castle Age
12:47 Horse Collar
22:22 Fletching
23:11 Padded Archer Armor
25:18 Leather Archer Armor
26:09 Wheelbarrow
26:05 Bow Saw
26:18 Ballistics
27:12 Hand Cart
27:49 Fervor
30:13 Imperial Age
27:30 Loom
27:58 Masonry
27:35 Elite Skirmisher
29:16 Bloodlines
29:07 Husbandry
29:04 Bodkin Arrow
29:09 Gold Mining
29:09 Stone Mining
29:23 Heavy Plow
29:37 Light Cavalry
30:26 Scale Barding Armor
31:16 Conscription
32:00 Chemistry
31:06 Siege Engineers
30:59 Town Watch
31:57 Gold Shaft Mining
31:58 Stone Shaft Mining
31:26 Bracer
31:56 Chain Barding Armor
32:52 Forging
33:22 Murder Holes
34:34 Iron Casting
36:34 Blast Furnace
36:05 Fortified Wall
35:39 Elite Mangudai
39:14 Drill
38:46 Hussar
40:07 Hoardings
40:00 Onager
40:48 Capped Ram
41:19 Siege Onager
41:43 Siege Ram
42:29 Herbal Medicine
50:20 Town Patrol
58:22 Nomads
58:32 Nomads
katapilla18
0:48 Loom
13:51 Feudal Age
14:46 Horse Collar
14:55 Double-Bit Axe
21:14 Castle Age
19:34 Fletching
22:47 Bodkin Arrow
23:54 Heavy Plow
24:10 Bow Saw
24:33 Murder Holes
26:42 Squires
34:01 Fortified Wall
36:10 Scale Mail Armor
41:15 Forging
45:25 Chain Mail Armor
48:50 Imperial Age
46:06 Town Watch
46:28 Gold Mining
48:37 Iron Casting
47:59 Stone Mining
48:46 Gold Shaft Mining
49:13 Chieftains
50:35 Conscription
51:43 Two-Man Saw
51:03 Bracer
51:58 Elite Berserk
53:58 Hoardings
54:54 Blast Furnace
54:31 Plate Mail Armor
56:22 Chemistry
58:24 Crop Rotation
58:40 Ballistics
59:27 Treadmill Crane
59:59 Masonry
ODIUM UA
11:14 Feudal Age
12:26 Loom
16:02 Castle Age
15:23 Stone Mining
15:25 Double-Bit Axe
15:38 Horse Collar
15:50 Loom
17:45 Bow Saw
26:35 Padded Archer Armor
28:02 Wheelbarrow
27:52 Heavy Plow
29:50 Bloodlines
29:41 Husbandry
30:23 Leather Archer Armor
33:35 Imperial Age
32:22 Hand Cart
31:52 Town Watch
32:00 Gold Mining
33:24 Scale Barding Armor
33:30 Forging
36:53 Chain Barding Armor
35:59 Cavalier
37:30 Iron Casting
39:13 Plate Barding Armor
40:09 Blast Furnace
41:38 Paladin
42:59 Fletching
43:24 Light Cavalry
44:02 Bodkin Arrow
45:48 Chemistry
44:16 Hussar
arst239
12:14 Feudal Age
16:20 Castle Age
15:11 Double-Bit Axe
16:20 Horse Collar
16:49 Loom
18:32 Wheelbarrow
20:02 Heavy Plow
21:44 Hand Cart
23:35 Bow Saw
24:30 Stone Mining
24:31 Gold Mining
27:03 Gold Shaft Mining
36:32 Imperial Age
34:51 Ballistics
34:27 Murder Holes
36:43 Heavy Scorpion
37:50 Ballistas
38:21 Coinage
38:02 Guilds
39:26 Chemistry
38:32 Siege Engineers
41:02 Conscription
46:02 Onager
Archibald
10:59 Feudal Age
12:29 Double-Bit Axe
12:26 Horse Collar
19:30 Castle Age
17:36 Gold Mining
18:21 Stone Mining
20:14 Wheelbarrow
20:26 Bow Saw
20:18 Heavy Plow
22:59 Gold Shaft Mining
24:19 Hand Cart
31:55 Imperial Age
29:52 Forging
29:47 Padded Archer Armor
29:37 Fletching
31:17 Iron Casting
31:30 Treadmill Crane
32:11 Ballistics
31:47 Murder Holes
32:58 Conscription
33:49 Two-Man Saw
32:42 Town Watch
32:42 Loom
33:17 Leather Archer Armor
32:57 Bodkin Arrow
33:22 Pikeman
36:34 Chemistry
35:48 Masonry
35:44 Siege Engineers
36:03 Town Patrol
38:31 Ring Archer Armor
38:02 Bracer
39:02 Blast Furnace
39:27 Architecture
41:05 Elite Longbowman
55:49 Guilds
WAnds | Andrey
10:10 Feudal Age
13:56 Castle Age
12:09 Double-Bit Axe
12:16 Horse Collar
15:07 Bow Saw
16:00 Heavy Plow
25:00 Wheelbarrow
26:27 Hand Cart
30:16 Imperial Age
28:12 Forging
28:08 Scale Barding Armor
29:35 Iron Casting
28:59 Gold Mining
29:00 Stone Mining
29:05 Loom
29:06 Town Watch
30:47 Gold Shaft Mining
30:48 Stone Shaft Mining
31:03 Conscription
30:55 Devotion
31:07 Husbandry
31:17 Bloodlines
31:05 Elite War Elephant
33:25 Faith
34:58 Blast Furnace
37:01 Two-Man Saw
36:33 Crop Rotation
37:13 Chain Barding Armor
36:41 Light Cavalry
38:13 Coinage
38:52 Citadels
38:53 Kamandaran
38:19 Crossbowman
39:05 Thumb Ring
38:57 Fletching
39:07 Padded Archer Armor
39:42 Plate Barding Armor
41:07 Bodkin Arrow
41:28 Leather Archer Armor
42:23 Cavalier
44:27 Chemistry
43:26 Savar
45:37 Banking
45:54 Ballistics
45:59 Caravan
48:17 Hussar
51:22 Elite Skirmisher
Connection lost

Rejoining the realm…

Still unreachable

The connection could not be restored.

Session expired

The server has moved on; the page needs a fresh start.